Map: Arctic Dream LE

Players

qqq - Winner!

  • Race: Zerg Zerg
  • Spawn Location: 11:00

Massa - Winner!

  • Race: Terran Terran
  • League: Platinum
  • Spawn Location: 12:00

Nyu

  • Race: Zerg Zerg
  • Spawn Location: 6:00

Rayder

  • Race: Protoss Protoss
  • Spawn Location: 5:00

VOD

Have the link to the VOD?

Description

Time

  • Played on: Nov. 13, 2020, 5:17 p.m.
  • Length: 6:44
Show
View Real Time Build Order
Export as new Build Order

qqq Zerg - Winner!

Build Orders: Hatch First 

Get SALT Encoding   

  12  0:02  Drone  
  13  0:08  Drone  
  14  0:28  Overlord  
  14  0:43  Hatchery  
  13  0:51  Overlord  
  13  0:56  Drone  
  14  1:00  Drone  
  15  1:04  Extractor  
  15  1:05  Drone  
  15  1:25  Spawning Pool  
  14  1:34  Drone x2  
  16  1:41  Drone  
  17  1:53  Drone  
  18  1:58  Drone  
  18  2:00  Drone  
  20  2:07  Drone  
  21  2:09  Overlord  
  21  2:13  Metabolic Boost  
  21  2:25  Drone  
  21  2:27  Queen  
  24  2:37  Extractor, Drone  
  24  2:38  Zergling x4  
  24  2:42  Zergling x2  
  27  2:48  Zergling x2  
  28  2:52  Queen  
  28  2:55  Zergling x2  
  28  2:58  Zergling x2  
  32  3:04  Baneling Nest  
  31  3:07  Zergling x2  
  31  3:12  Zergling x2  
  33  3:13  Zergling x2  
  33  3:15  Zergling x2  
  35  3:22  Zergling x2  
  36  3:28  Zergling x2  
  37  3:35  Zergling x2  
  37  3:38  Zergling x2  
  39  3:42  Zergling x2, Overlord  
  39  3:43  Zergling x2  
  39  3:44  Zergling x2  
  42  3:50  Lair  
  42  3:52  Baneling  
  42  3:53  Baneling  
  42  3:54  Baneling  
  42  3:57  Zergling x2  
  42  4:02  Zergling x2  
  44  4:03  Zergling x2  
  45  4:15  Zergling x2  
  45  4:16  Zergling x6  
  49  4:17  Zergling x2  
  46  4:47  Baneling x3  
  46  4:48  Baneling  
  46  4:49  Zergling x6  
  46  4:50  Drone x2  
  46  4:51  Spore Crawler  
  50  4:53  Spore Crawler  
  50  4:55  Spore Crawler  
  42  5:18  Zergling x4  
  40  5:25  Zergling x6  
  40  5:26  Zergling x2  
  39  5:39  Zergling x2  
  39  5:40  Drone  
  41  5:44  Drone  
  41  5:45  Spire  
  40  6:06  Spore Crawler x2  
  40  6:08  Drone x2  
  40  6:09  Spore Crawler  
  39  6:18  Drone x2  
  41  6:31  Drone x2  
Show
View Real Time Build Order
Export as new Build Order

Massa Terran - Winner!

Build Orders:  

Get SALT Encoding   

  12  0:00  SCV  
  13  0:12  SCV  
  14  0:17  Supply Depot  
  14  0:26  SCV  
  15  0:38  SCV  
  15  0:40  Barracks  
  16  0:49  Refinery  
  16  0:50  SCV  
  17  1:03  SCV  
  18  1:14  Barracks  
  18  1:15  SCV  
  19  1:25  Barracks  
  19  1:27  Supply Depot  
  19  1:29  Barracks Tech Lab  
  19  1:31  SCV  
  20  1:46  Orbital Command  
  20  1:56  Marine  
  20  2:01  Marine  
  22  2:03  Stimpack  
  22  2:11  Marine  
  22  2:13  Marine  
  24  2:19  Marine, Supply Depot  
  25  2:29  Marine  
  26  2:32  Marauder  
  26  2:36  Marine  
  29  2:47  Marine, Supply Depot  
  30  2:53  Marauder  
  30  2:54  Marine  
  33  3:05  Marine  
  34  3:12  Marine  
  35  3:15  Marauder  
  37  3:22  Engineering Bay  
  37  3:23  Marine  
  37  3:24  Factory  
  38  3:30  Marine  
  39  3:36  Marauder  
  39  3:40  Marine  
  42  3:48  Marine  
  43  3:51  Missile Turret  
  43  3:57  Marauder  
  43  3:58  Marine  
  46  4:05  Marine  
  47  4:19  Command Center  
  47  4:36  Factory Tech Lab  
  47  4:37  Orbital Command  
  47  4:38  Marine  
  47  4:44  Missile Turret  
  47  4:45  Missile Turret  
  47  5:12  Marine  
  47  5:30  Cyclone, Marine x2  
  47  5:31  Marauder  
  26  5:52  SCV  
  23  6:04  SCV  
  24  6:16  SCV  
  25  6:25  Marine x3  
Show
View Real Time Build Order
Export as new Build Order

Nyu Zerg 

Build Orders: Hatch First 

Get SALT Encoding   

  12  0:00  Drone  
  13  0:12  Overlord  
  13  0:16  Drone  
  14  0:31  Drone x2  
  14  0:35  Drone  
  17  0:52  Hatchery  
  17  0:56  Drone  
  17  0:59  Drone  
  18  1:09  Extractor  
  17  1:15  Spawning Pool  
  17  1:17  Drone  
  17  1:20  Drone  
  18  1:29  Drone  
  19  1:39  Overlord  
  19  1:50  Drone  
  20  2:01  Drone  
  20  2:03  Queen  
  20  2:04  Queen  
  20  2:05  Drone  
  26  2:12  Evolution Chamber  
  26  2:13  Drone  
  26  2:15  Metabolic Boost  
  26  2:20  Drone  
  27  2:27  Drone  
  28  2:30  Extractor  
  28  2:31  Drone  
  28  2:35  Drone  
  29  2:49  Drone  
  29  2:50  Drone x2  
  32  3:02  Lair  
  32  3:13  Overlord  
  32  3:15  Drone x2  
  32  3:17  Drone  
  32  3:18  Hatchery  
  34  3:32  Queen  
  34  3:33  Overlord  
  36  3:37  Extractor  
  36  3:38  Drone, Extractor  
  35  3:45  Drone x3  
  35  3:48  Drone  
  39  3:50  Drone  
  40  3:58  Drone x2  
  40  4:00  Drone  
  40  4:02  Zergling x4  
  45  4:05  Zergling x2  
  45  4:06  Zergling x2  
  47  4:14  Spine Crawler  
  42  4:29  Zergling x12  
  42  4:30  Zergling x2  
  22  4:42  Spine Crawler  
  22  4:43  Spine Crawler  
  20  4:49  Spine Crawler  
  17  5:41  Hatchery  
  12  6:08  Drone x3  
Show
View Real Time Build Order
Export as new Build Order

Rayder Protoss 

Build Orders: Proxy Void Ray 

Get SALT Encoding   

  12  0:00  Probe  
  13  0:14  Pylon  
  13  0:18  Probe  
  14  0:34  Gateway  
  14  0:39  Probe  
  15  0:44  Assimilator  
  15  0:47  Assimilator  
  15  0:51  Probe  
  16  1:08  Probe (Chrono Boost)  
  16  1:09  Pylon  
  17  1:20  Probe (Chrono Boost)  
  17  1:22  Cybernetics Core  
  18  1:27  Probe (Chrono Boost)  
  19  1:35  Probe  
  20  1:48  Probe, Pylon  
  21  2:00  Probe  
  22  2:07  Pylon  
  22  2:08  Adept  
  24  2:15  Probe  
  25  2:28  Stargate  
  25  2:32  Probe  
  26  2:51  Shield Battery  
  26  2:57  Stargate  
  26  3:05  Shield Battery  
  26  3:06  Void Ray (Chrono Boost)  
  26  3:10  Shield Battery  
  30  3:25  Forge  
  30  3:40  Void Ray (Chrono Boost)  
  34  3:42  Void Ray (Chrono Boost)  
  34  3:55  Pylon  
  38  4:07  Stalker  
  40  4:37  Void Ray x2 (Chrono Boost)  
  15  6:15  Nexus  
Tags
 
Add a new tag
Caveats
  • Supply blocks, unpowered buildings, or Contaminate may cause inaccurate times.
  • Supply counts are checked every 10 seconds.